 Dungeon Crawl Stone Soup version 0.29.0-4-gdea44cf6ec (webtiles) character file.

Game seed: 16001098301461751623

50628 qw the Brawler (level 14, -15/136 HPs)
             Began as a Troll Cinder Acolyte on Aug 31, 2022.
             Was an Elder of Okawaru.
             Demolished by a two-headed ogre
             ... wielding a +0 giant club
              (21 damage)
             ... on level 13 of the Dungeon.
             The game lasted 00:08:59 (16102 turns).

qw the Brawler (Troll Cinder Acolyte)              Turns: 16102, Time: 00:08:59

Health: -15/136    AC: 12    Str: 35    XL:     14   Next: 20%
Magic:  18/19      EV: 10    Int: 10    God:    Okawaru [****..]
Gold:   1096       SH:  0    Dex:  5    Spells: 15/15 levels left

rFire   . . .      SeeInvis +     - Unarmed
rCold   + + +      Faith    .   (no shield)
rNeg    . . .      Spirit   .   l - +4 skin of Zhor {*Englaciate rC+++ SInv}
rPois   .          Reflect  .   o - +1 hat
rElec   .          Harm     .   d - +2 cloak
rCorr   +          Rampage  .   (gloves unavailable)
Will    +....                   (boots unavailable)
Stlth   ++........              (no amulet)
HPRegen 1.92/turn               c - ring of resist corrosion
MPRegen 0.16/turn               g - +6 ring of strength

@: lethally poisoned (-15 -> -16), about to teleport, heroic
A: large, unfitting armour, claws 3, regeneration 2, shaggy fur 1, tough skin 1,
horns 1
a: Renounce Religion, Heroism, Finesse


You were on level 13 of the Dungeon.
You worshipped Okawaru.
Okawaru was greatly pleased with you.
You visited 3 branches of the dungeon, and saw 19 of its levels.

You collected 1261 gold pieces.
You spent 165 gold pieces at shops.


Innate Abilities, Weirdness & Mutations

You are too large for most types of armour.
You have claws for hands.
You heal very quickly.
You are covered in fur. (AC +1)
You have tough skin. (AC +1)
You have a pair of small horns on your head.


   Skills:
 - Level 8.0(13.0) Fighting
 - Level 8.0(13.0) Throwing
 - Level 1.6(6.6) Armour
 - Level 2.5(7.5) Dodging
 + Level 18.9(23.9) Unarmed Combat
 - Level 1.0 Spellcasting
 - Level 2.1 Fire Magic
 + Level 9.3 Invocations


You had 15 spell levels left.
You didn't know any spells.
Your spell library contained the following spells:

 Spells                   Type           Power      Damage    Failure   Level
 Scorch                   Fire           8%         2d5       22%         2

Inventory:

Missiles
 p - 3 large rocks (quivered)
 r - 2 javelins
 t - 3 silver javelins
 u - 3 boomerangs
Armour
 d - a +2 cloak (worn)
 e - the +3 robe "Tiny" {rPois rF+ Dex+4}
   (You found it on level 8 of the Dungeon)

   Dex:       It affects your dexterity (+4).
   rF:        It protects you from fire.
   rPois:     It protects you from poison.
 l - the +4 skin of Zhor (worn) {*Englaciate rC+++ SInv}
   (You found it on level 8 of the Dungeon)

   It radiates cold, occasionally slowing all nearby creatures who are not
   resistant to cold.
   rC:        It renders you almost immune to cold.
   SInv:      It lets you see invisible.
 o - a +1 hat (worn)
 w - a +0 kite shield
Jewellery
 a - a ring of see invisible
 c - a ring of resist corrosion (left claw)
 g - a +6 ring of strength (right claw)
 m - a ring of protection from cold
Scrolls
 b - 3 scrolls of teleportation
 j - 3 scrolls of enchant weapon
 s - 3 scrolls of identify
 Y - 2 scrolls of brand weapon
Potions
 f - 2 potions of might
 h - 13 potions of curing
 i - 2 potions of mutation
 k - 2 potions of cancellation
 n - 3 potions of haste
 q - a potion of resistance
 v - a potion of magic

Dungeon Overview and Level Annotations

Branches:
Dungeon (13/15)            Temple (1/1) D:7            Lair (5/5) D:10
  Swamp (0/4) Lair:2        Snake (0/4) Lair:2        Slime (0/5) Lair:4
    Orc (0/2) D:9
 Vaults: D:13-14

Altars:
Ashenzari
Cheibriados
Dithmenos
Elyvilon
Fedhas
Gozag
Hepliaklqana
Kikubaaqudgha
Makhleb
Nemelex Xobeh
Okawaru
Qazlal
Ru
Sif Muna
Trog
Uskayaw
Vehumet
Wu Jian
Xom
Yredelemnul
Zin
The Shining One

Shops:
D:6 [:   D:7 *

Annotations:
D:13 Nessos
Lair:4 3 runed translucent doors, HunfridMar's ghost, journeyman DECj


Message History

You hear a shout!
You eviscerate the centaur warrior skeleton!!!
The centaur warrior skeleton is severely damaged.
You feel sick.
You hear a shout! x3
You eviscerate the centaur warrior skeleton!!!
You destroy the centaur warrior skeleton!
Okawaru accepts your kill.
You feel sick.
An orc warrior comes into view. It is wielding a +0 halberd.
You feel sick.
The orc warrior shouts!
Nessos shoots an arrow.
The arrow hits you! The arrow burns you.
The skeletal warrior hits you with a +0 trident!!
The yaktaur wields a +0 arbalest.
The yaktaur shoots a bolt.
The bolt hits you!
You hear a shout!
16100 ||| READING 4 scrolls of teleportation.
As you read the scroll of teleportation, it crumbles to dust.
You feel strangely unstable.
You feel sick.
Nessos unwields a +3 longbow of flaming.
It stops flaming.
Nessos barely misses you. Nessos kicks you but does no damage.
A two-headed ogre comes into view. It is wielding two +0 giant clubs.
The skeletal warrior barely misses you.
The two-headed ogre hits you with a +0 giant club!
The two-headed ogre misses you. Nessos hits you. Nessos kicks you.
The yaktaur shoots a bolt.
The bolt closely misses you.
16101 ||| Stepping ~*~*~tactically~*~*~ (outnumbered).
The skeletal warrior attacks as you move away!
The skeletal warrior hits you with a +0 trident.
You feel sick.
Nessos mumbles some strange words.
Nessos blinks!
The skeletal warrior hits you but does no damage.
An orc priest comes into view. It is wielding a +0 flail.
16102 ||| Stepping ~*~*~tactically~*~*~ (outnumbered).
The two-headed ogre attacks as you move away!
The two-headed ogre hits you with a +0 giant club.
The two-headed ogre hits you with a +0 giant spiked club!!
You die...

##..# #### #.# #.# #..# .
#.# #.# #..##. # #.# #.# #
#..#.# .# #.# #.#
##o#..#(##Z.# #.# #.#
.........z# ####.#####)###
##.#..#z#####.............
.....o.(O.....#######.....
......ooc@....# #...).
##.#..#c####### #.....
......c.. #..... #O#..#.#
#..... #.#..#.# #..... .
#. ##. ###### #.


c You could see Nessos (fast), an orc knight, a skeletal warrior, a two-headed
ogre, 2 yaktaurs, an orc warrior, an orc priest and an orc wizard (invisible).

Vanquished Creatures
  Gastronok (Lair:2)
  2 hydras (D:12)
  2 boulder beetles (D:11)
  A two-headed ogre (D:10)
  2 tengu warriors
  A death yak (Lair:4)
  5 ugly things
  A cyclops (D:10)
  3 oklob plants (Lair:4)
  23 elephants
  4 manticores
  3 black mambas
  A torpor snail (Lair:5)
  6 rime drakes
  10 cane toads
  3 gargoyles
  5 komodo dragons
  2 centaur skeletons (D:13)
  7 polar bears
  A troll (D:12)
  3 hornets (Lair:5)
  4 blink frogs (Lair:2)
  2 dream sheep (Lair:5)
  6 slime creatures
  12 spriggans (Lair:5)
  11 wyverns
  11 yaks
  A vampire (D:11)
  A wraith (D:10)
  9 fire elementals
  5 basilisks
  A steam dragon (D:6)
  Menkaure (D:4)
  A naga (Lair:2)
  15 water moccasins
  An acid dragon (D:9)
  8 black bears
  4 orc warriors
  5 sky beasts
  4 boggarts (Lair:5)
  5 ice beasts
  4 ogres
  11 centaurs
  41 wolves
  3 phantoms (D:5)
  2 kobold brigands (D:11)
  4 bullfrogs
  A necrophage (D:7)
  4 scorpions
  2 gnoll sergeants
  8 wights
  3 electric eels (Lair:1)
  7 howler monkeys
  2 hounds
  3 jellies
  5 orc priests
  Terence (D:2)
  2 iguanas
  8 orc wizards
  12 hell rats
  Natasha (thrice) (D:4)
  Robin (D:4)
  12 gnolls
  11 adders
  A shadow imp (D:5)
  A white imp (D:5)
  An ufetubus (D:7)
  A worm (D:2)
  3 dart slugs
  31 orcs
  7 ball pythons
  11 endoplasms
  4 giant cockroaches
  22 goblins
  10 hobgoblins
  4 jackals (D:2)
  4 quokkas
  3 bats (D:1)
  3 frilled lizards
  14 kobolds
  6 rats
469 creatures vanquished.

Vanquished Creatures (others)
  An adder (D:6)
  A kobold (D:11)
  38 fungi
  52 plants
92 creatures vanquished.

Grand Total: 561 creatures vanquished

Notes
Turn   | Place    | Note
-------+----------+-------------------------------------------
     0 | D:1      | qw the Troll Cinder Acolyte began the quest for the Orb.
     0 | D:1      | Reached XP level 1. HP: 22/22 MP: 1/1
     0 | D:1      | 0 ||| qw: Version: 0.1-a-97-g2dd2ca4
     0 | D:1      | 0 ||| qw: Game counter: 4510
     0 | D:1      | 0 ||| qw: Always use a shield: true
     0 | D:1      | 0 ||| qw: God list: Okawaru
     0 | D:1      | 0 ||| qw: Allow faded altars: false
     0 | D:1      | 0 ||| qw: Do Orc after D:15 true
     0 | D:1      | 0 ||| qw: Do second Lair branch before Depths: true
     0 | D:1      | 0 ||| qw: Lair rune preference: random
     0 | D:1      | 0 ||| qw: Plans: Normal
     0 | D:1      | 0 ||| PLANNING D:1-11
    41 | D:1      | 41 ||| Stepping ~*~*~tactically~*~*~ (hiding).
    80 | D:1      | 80 ||| INVOKING Fiery Armour.
    83 | D:1      | Reached XP level 2. HP: 17/29 MP: 2/2
    98 | D:1      | 98 ||| Stepping ~*~*~tactically~*~*~ (stealth).
   353 | D:1      | Reached skill level 4 in Unarmed Combat
   469 | D:1      | 469 ||| Stepping ~*~*~tactically~*~*~ (outnumbered).
   479 | D:1      | Reached XP level 3. HP: 36/36 MP: 3/3
   643 | D:1      | Found a faded altar of an unknown god.
   797 | D:1      | 797 ||| Stepping ~*~*~tactically~*~*~ (outnumbered).
   956 | D:1      | 956 ||| UPGRADING to +1 cloak.
   961 | D:1      | 961 ||| READING scroll labelled LENEIK WETATUCW.
   962 | D:1      | 962 ||| READING scroll labelled DEKKECZAPE.
  1063 | D:1      | 1063 ||| READING scroll labelled OCIKOM BEALL.
  1064 | D:1      | 1064 ||| READING scroll labelled REIQAM UTIAV.
  1067 | D:1      | 1067 ||| READING scroll labelled GONWIM JEPLAGA.
  1068 | D:1      | 1068 ||| DRINKING 2 amethyst potions.
  1069 | D:1      | 1069 ||| DRINKING 2 purple potions.
  1069 | D:1      | Gained mutation: You heal very quickly. [potion of
                  | mutation]
  1069 | D:1      | Gained mutation: You have a pair of small horns on your
                  | head. [potion of mutation]
  1087 | D:2      | 1087 ||| STAIRDANCE
  1214 | D:2      | Reached XP level 4. HP: 44/44 MP: 4/4
  1225 | D:2      | 1225 ||| Stepping ~*~*~tactically~*~*~ (stealth).
  1226 | D:2      | 1226 ||| Stepping ~*~*~tactically~*~*~ (stealth).
  1230 | D:2      | 1230 ||| Stepping ~*~*~tactically~*~*~ (stealth).
  1231 | D:2      | 1231 ||| Stepping ~*~*~tactically~*~*~ (stealth).
  1232 | D:2      | 1232 ||| Stepping ~*~*~tactically~*~*~ (stealth).
  1232 | D:2      | Noticed Terence
  1235 | D:2      | 1235 ||| INVOKING Fiery Armour.
  1237 | D:2      | 1237 ||| Stepping ~*~*~tactically~*~*~ (outnumbered).
  1238 | D:2      | 1238 ||| Stepping ~*~*~tactically~*~*~ (outnumbered).
  1239 | D:2      | 1239 ||| Stepping ~*~*~tactically~*~*~ (outnumbered).
  1241 | D:2      | Reached skill level 1 in Throwing
  1243 | D:2      | 1243 ||| Stepping ~*~*~tactically~*~*~ (outnumbered).
  1246 | D:2      | 1246 ||| Stepping ~*~*~tactically~*~*~ (outnumbered).
  1247 | D:2      | 1247 ||| Stepping ~*~*~tactically~*~*~ (outnumbered).
  1248 | D:2      | 1248 ||| Stepping ~*~*~tactically~*~*~ (outnumbered).
  1251 | D:2      | 1251 ||| Stepping ~*~*~tactically~*~*~ (outnumbered).
  1252 | D:2      | 1252 ||| Stepping ~*~*~tactically~*~*~ (outnumbered).
  1253 | D:2      | 1253 ||| Stepping ~*~*~tactically~*~*~ (outnumbered).
  1255 | D:2      | Killed Terence
  1256 | D:2      | Reached skill level 5 in Unarmed Combat
  1633 | D:2      | 1633 ||| DROPPING ring of flight.
  1634 | D:2      | 1634 ||| DROPPING +6 ring of intelligence.
  1635 | D:2      | 1635 ||| READING 4 scrolls labelled CADUERCH WAXZA.
  1636 | D:2      | 1636 ||| READING scroll labelled NUCVAR DIROVUEBB.
  1637 | D:2      | 1637 ||| DROPPING 3 scrolls of vulnerability.
  1847 | D:3      | 1847 ||| Stepping ~*~*~tactically~*~*~ (hiding).
  1848 | D:3      | 1848 ||| Stepping ~*~*~tactically~*~*~ (hiding).
  1897 | D:3      | Reached XP level 5. HP: 50/50 MP: 5/5
  1897 | D:3      | 1897 ||| Stepping ~*~*~tactically~*~*~ (stealth).
  2582 | D:4      | Noticed an ice beast
  2590 | D:4      | Killed an ice beast
  2591 | D:4      | Reached skill level 6 in Unarmed Combat
  2591 | D:4      | 2591 ||| STAIRDANCE
  2621 | D:4      | 2621 ||| Stepping ~*~*~tactically~*~*~ (stealth).
  2651 | D:4      | You fall into a shaft and drop 2 floors!
  2680 | D:6      | Found Benzaiten's Dragon-Slaying Spoils.
  2690 | D:6      | 2690 ||| SHOPLISTING +0 acid dragon scales (400 gold, have
                  | 146).
  2690 | D:6      | 2690 ||| SHOPLISTING +0 fire dragon scales (600 gold, have
                  | 146).
  2690 | D:6      | 2690 ||| SHOPLISTING +0 ice dragon scales (600 gold, have
                  | 146).
  2690 | D:6      | 2690 ||| SHOPLISTING +0 pearl dragon scales (1000 gold,
                  | have 146).
  2690 | D:6      | 2690 ||| SHOPLISTING +0 shadow dragon scales (800 gold,
                  | have 146).
  2690 | D:6      | 2690 ||| SHOPLISTING +1 gold dragon scales (870 gold, have
                  | 146).
  2690 | D:6      | 2690 ||| SHOPLISTING +2 steam dragon scales (520 gold, have
                  | 146).
  2690 | D:6      | 2690 ||| SHOPLISTING +3 swamp dragon scales of the Shining
                  | Light {rElec rPois} (790 gold, have 146).
  2690 | D:6      | 2690 ||| SHOPLISTING +6 storm dragon scales of the Teaching
                  | Gods {Rampage rElec Stlth+} (1136 gold, have 146).
  2690 | D:6      | 2690 ||| SHOPLISTING quicksilver dragon scales (600 gold,
                  | have 146).
  2769 | D:6      | Found Jocaff's Book Shoppe.
  2783 | D:6      | Noticed a steam dragon
  2785 | D:6      | Noticed an ogre
  2786 | D:6      | 2786 ||| INVOKING Fiery Armour.
  2791 | D:6      | Killed a steam dragon
  2792 | D:6      | Reached skill level 7 in Unarmed Combat
  2792 | D:6      | Reached XP level 6. HP: 56/59 MP: 6/6
  2804 | D:6      | Reached XP level 7. HP: 52/66 MP: 7/7
  2815 | D:6      | 2815 ||| Stepping ~*~*~tactically~*~*~ (stealth).
  2820 | D:6      | 2820 ||| Stepping ~*~*~tactically~*~*~ (stealth).
  2823 | D:6      | 2823 ||| Stepping ~*~*~tactically~*~*~ (stealth).
  2825 | D:6      | Reached skill level 8 in Unarmed Combat
  2852 | D:6      | Reached skill level 3 in Fighting
  2862 | D:5      | Entered Level 5 of the Dungeon
  2894 | D:5      | 2894 ||| DRINKING 2 yellow potions.
  2910 | D:4      | Noticed Robin
  2911 | D:4      | 2911 ||| INVOKING Fiery Armour.
  2913 | D:4      | 2913 ||| Stepping ~*~*~tactically~*~*~ (outnumbered).
  2913 | D:4      | Noticed Natasha
  2915 | D:4      | 2915 ||| Stepping ~*~*~tactically~*~*~ (outnumbered).
  2916 | D:4      | 2916 ||| Stepping ~*~*~tactically~*~*~ (outnumbered).
  2920 | D:4      | 2920 ||| Stepping ~*~*~tactically~*~*~ (outnumbered).
  2922 | D:4      | 2922 ||| Stepping ~*~*~tactically~*~*~ (outnumbered).
  2925 | D:4      | 2925 ||| Stepping ~*~*~tactically~*~*~ (outnumbered).
  2932 | D:4      | Killed Natasha
  2937 | D:4      | Killed Robin
  3148 | D:4      | 3148 ||| Stepping ~*~*~tactically~*~*~ (hiding).
  3149 | D:4      | 3149 ||| Stepping ~*~*~tactically~*~*~ (hiding).
  3151 | D:4      | Noticed Natasha
  3152 | D:4      | 3152 ||| Stepping ~*~*~tactically~*~*~ (stealth).
  3157 | D:4      | 3157 ||| Stepping ~*~*~tactically~*~*~ (hiding).
  3159 | D:4      | 3159 ||| Stepping ~*~*~tactically~*~*~ (hiding).
  3165 | D:4      | Killed Natasha
  3166 | D:4      | Reached skill level 9 in Unarmed Combat
  3282 | D:4      | Noticed Menkaure
  3289 | D:4      | Killed Menkaure
  3290 | D:4      | Reached XP level 8. HP: 65/75 MP: 8/8
  3309 | D:4      | 3309 ||| Stepping ~*~*~tactically~*~*~ (hiding).
  3311 | D:4      | 3311 ||| Stepping ~*~*~tactically~*~*~ (hiding).
  3632 | D:4      | Noticed Natasha
  3637 | D:4      | Killed Natasha
  3640 | D:4      | 3640 ||| Stepping ~*~*~tactically~*~*~ (outnumbered).
  3641 | D:4      | 3641 ||| Stepping ~*~*~tactically~*~*~ (outnumbered).
  3642 | D:4      | 3642 ||| Stepping ~*~*~tactically~*~*~ (outnumbered).
  3643 | D:4      | 3643 ||| Stepping ~*~*~tactically~*~*~ (outnumbered).
  3644 | D:4      | 3644 ||| Stepping ~*~*~tactically~*~*~ (outnumbered).
  3645 | D:4      | 3645 ||| Stepping ~*~*~tactically~*~*~ (outnumbered).
  3666 | D:4      | 3666 ||| READING scroll labelled OXKYBU VEIDAH.
  3667 | D:4      | 3667 ||| DRINKING 3 puce potions.
  3668 | D:4      | 3668 ||| DRINKING 2 glowing pink potions.
  3669 | D:4      | 3669 ||| DROPPING 2 potions of brilliance.
  3748 | D:5      | Reached skill level 1 in Dodging
  3781 | D:5      | 3781 ||| Stepping ~*~*~tactically~*~*~ (stealth).
  3822 | D:5      | 3822 ||| Stepping ~*~*~tactically~*~*~ (outnumbered).
  3826 | D:5      | 3826 ||| INVOKING Fiery Armour.
  3840 | D:5      | 3840 ||| Stepping ~*~*~tactically~*~*~ (outnumbered).
  3844 | D:5      | Reached skill level 10 in Unarmed Combat
  3881 | D:5      | 3881 ||| Stepping ~*~*~tactically~*~*~ (stealth).
  3883 | D:5      | 3883 ||| Stepping ~*~*~tactically~*~*~ (hiding).
  3983 | D:5      | 3983 ||| Stepping ~*~*~tactically~*~*~ (stealth).
  3984 | D:5      | 3984 ||| Stepping ~*~*~tactically~*~*~ (stealth).
  4066 | D:5      | 4066 ||| Stepping ~*~*~tactically~*~*~ (stealth).
  4228 | D:5      | Found a glowing silver altar of Zin.
  4251 | D:5      | 4251 ||| UPGRADING to amulet of guardian spirit.
  4256 | D:5      | 4256 ||| READING scroll labelled ICEUMN KIFOLAA.
  4257 | D:5      | 4257 ||| READING scroll labelled KYODIL GUOXZIED.
  4258 | D:5      | 4258 ||| READING scroll labelled UFREIW SICESYO.
  4259 | D:5      | 4259 ||| DRINKING 2 red potions.
  4260 | D:5      | 4260 ||| DRINKING 2 clear potions.
  4261 | D:5      | 4261 ||| DROPPING potion of degeneration.
  4372 | D:5      | 4372 ||| READING scroll of teleportation.
  4373 | D:5      | 4373 ||| STAIRDANCE
  4445 | D:6      | 4445 ||| Stepping ~*~*~tactically~*~*~ (hiding).
  4530 | D:6      | Reached XP level 9. HP: 84/84 MP: 7/9
  4684 | D:6      | Reached skill level 11 in Unarmed Combat
  4743 | D:6      | Identified the +4 dagger "Beastbane" {spect, Str+8 Stlth+}
  5015 | D:6      | 5015 ||| READING scroll labelled ODUQOYN DILIMINOD.
  5067 | D:5      | 5067 ||| DRINKING 2 pink potions.
  5106 | D:7      | 5106 ||| STAIRDANCE
  5113 | D:7      | 5113 ||| Stepping ~*~*~tactically~*~*~ (hiding).
  5127 | D:7      | 5127 ||| STAIRDANCE
  5156 | D:7      | 5156 ||| Stepping ~*~*~tactically~*~*~ (stealth).
  5158 | D:7      | 5158 ||| Stepping ~*~*~tactically~*~*~ (hiding).
  5241 | D:7      | 5241 ||| Stepping ~*~*~tactically~*~*~ (stealth).
  5246 | D:7      | Found a white marble altar of Elyvilon.
  5250 | D:7      | Reached skill level 3 in Throwing
  5250 | D:7      | 5250 ||| FLEEEEING.
  5298 | D:7      | Found a bloodstained altar of Trog.
  5363 | D:7      | 5363 ||| Stepping ~*~*~tactically~*~*~ (stealth).
  5394 | D:7      | 5394 ||| Stepping ~*~*~tactically~*~*~ (stealth).
  5400 | D:7      | Reached skill level 12 in Unarmed Combat
  5411 | D:7      | Found Qavysel's Assorted Antiques.
  5433 | D:7      | 5433 ||| BUYING potion of curing (99 gold).
  5433 | D:7      | Bought a potion of curing for 99 gold pieces
  5433 | D:7      | 5433 ||| SHOPLISTING potion of haste (330 gold, have 204).
  5433 | D:7      | 5433 ||| BUYING scroll labelled OFIENARORR (33 gold).
  5433 | D:7      | Bought a scroll labelled OFIENARORR for 33 gold pieces
  5433 | D:7      | 5433 ||| BUYING scroll labelled XATIUSYA NOKLA (33 gold).
  5433 | D:7      | Bought a scroll labelled XATIUSYA NOKLA for 33 gold pieces
  5433 | D:7      | 5433 ||| SHOPLISTING small steel ring (165 gold, have 138).
  5573 | D:7      | 5573 ||| Stepping ~*~*~tactically~*~*~ (stealth).
  5574 | D:7      | 5574 ||| Stepping ~*~*~tactically~*~*~ (stealth).
  5598 | D:7      | 5598 ||| FLEEEEING.
  5602 | D:7      | 5602 ||| Stepping ~*~*~tactically~*~*~ (hiding).
  5876 | D:7      | Found a staircase to the Ecumenical Temple.
  6068 | D:7      | 6068 ||| DROPPING scarf of harm.
  6069 | D:7      | 6069 ||| READING scroll labelled OFIENARORR.
  6070 | D:7      | 6070 ||| READING scroll labelled XATIUSYA NOKLA.
  6154 | D:8      | 6154 ||| STAIRDANCE
  6176 | D:8      | 6176 ||| Stepping ~*~*~tactically~*~*~ (outnumbered).
  6177 | D:8      | 6177 ||| Stepping ~*~*~tactically~*~*~ (outnumbered).
  6178 | D:8      | 6178 ||| Stepping ~*~*~tactically~*~*~ (outnumbered).
  6179 | D:8      | 6179 ||| Stepping ~*~*~tactically~*~*~ (outnumbered).
  6180 | D:8      | 6180 ||| Stepping ~*~*~tactically~*~*~ (outnumbered).
  6249 | D:8      | Noticed a rime drake
  6254 | D:8      | 6254 ||| READING scroll of enchant armour.
  6254 | D:8      | 6254 ||| ENCHANTING +1 cloak.
  6347 | D:8      | Identified the +3 robe "Tiny" {rPois rF+ Dex+4}
  6424 | D:8      | 6424 ||| Stepping ~*~*~tactically~*~*~ (stealth).
  6427 | D:8      | 6427 ||| Stepping ~*~*~tactically~*~*~ (outnumbered).
  6526 | D:8      | Found the +4 skin of Zhor {*Englaciate rC+++ SInv}
  6563 | D:8      | Noticed a rime drake
  6665 | D:8      | Killed a rime drake
  6666 | D:8      | Reached skill level 13 in Unarmed Combat
  6666 | D:8      | Reached XP level 10. HP: 78/96 MP: 8/10
  6671 | D:8      | Reached skill level 1 in Armour
  7005 | D:8      | 7005 ||| UPGRADING to +3 robe "Tiny" {rPois rF+ Dex+4}.
  7015 | D:8      | 7015 ||| DROPPING +0 robe.
  7016 | D:8      | 7016 ||| UPGRADING to +4 skin of Zhor {*Englaciate rC+++
                  | SInv}.
  7026 | D:8      | 7026 ||| READING 2 scrolls of identify.
  7026 | D:8      | 7026 ||| IDENTIFYING orange potion
  7027 | D:8      | 7027 ||| DROPPING potion of attraction.
  7047 | D:9      | 7047 ||| INVOKING Fiery Armour.
  7314 | D:9      | Found a glowing golden altar of the Shining One.
  7427 | D:9      | Found a staircase to the Orcish Mines.
  7777 | D:9      | 7777 ||| READING 2 scrolls of identify.
  7777 | D:9      | 7777 ||| IDENTIFYING white potion
  7778 | D:9      | 7778 ||| DROPPING potion of flight.
  7795 | D:10     | Entered Level 10 of the Dungeon
  7861 | D:10     | 7861 ||| INVOKING Fiery Armour.
  7871 | D:10     | Reached skill level 14 in Unarmed Combat
  7925 | D:10     | Noticed a white ugly thing
  7933 | D:10     | Noticed a two-headed ogre
  7934 | D:10     | Killed a white ugly thing
  7942 | D:10     | Killed a two-headed ogre
  7943 | D:10     | Reached skill level 6 in Fighting
  7975 | D:10     | Identified the +9 mace of the Mosquito {vorpal, rCorr Dex-3
                  | SInv}
  7975 | D:10     | Noticed a tengu warrior
  7976 | D:10     | 7976 ||| Stepping ~*~*~tactically~*~*~ (stealth).
  7978 | D:10     | 7978 ||| Stepping ~*~*~tactically~*~*~ (stealth).
  7981 | D:10     | 7981 ||| Stepping ~*~*~tactically~*~*~ (stealth).
  7991 | D:10     | Killed a tengu warrior
  8108 | D:10     | Found a sparkling altar of Nemelex Xobeh.
  8108 | D:10     | Found a shimmering blue altar of Sif Muna.
  8172 | D:10     | Found a staircase to the Lair.
  8226 | D:10     | Found a stormy altar of Qazlal.
  8345 | D:10     | Noticed a cyclops
  8346 | D:10     | Noticed a manticore
  8347 | D:10     | 8347 ||| Stepping ~*~*~tactically~*~*~ (stealth).
  8349 | D:10     | 8349 ||| Stepping ~*~*~tactically~*~*~ (hiding).
  8354 | D:10     | 8354 ||| INVOKING Fiery Armour.
  8357 | D:10     | Killed a manticore
  8358 | D:10     | Killed a cyclops
  8359 | D:10     | Reached XP level 11. HP: 90/107 MP: 7/11
  8543 | D:10     | 8543 ||| READING 3 scrolls of identify.
  8543 | D:10     | 8543 ||| IDENTIFYING bubbling ruby potion
  8544 | D:10     | 8544 ||| PLANNING LAIR
  8544 | D:10     | 8544 ||| READING 2 scrolls of identify.
  8544 | D:10     | 8544 ||| IDENTIFYING fizzy grey potion
  8545 | D:10     | 8545 ||| DROPPING potion of lignification.
  8546 | D:10     | 8546 ||| DROPPING potion of magic.
  8561 | Lair:1   | Entered Level 1 of the Lair of Beasts
  8796 | Lair:1   | 8796 ||| Stepping ~*~*~tactically~*~*~ (stealth).
  8797 | Lair:1   | 8797 ||| Stepping ~*~*~tactically~*~*~ (stealth).
  8879 | Lair:1   | 8879 ||| INVOKING Fiery Armour.
  9002 | Lair:1   | 9002 ||| INVOKING Fiery Armour.
  9007 | Lair:1   | 9007 ||| DRINKING 2 potions of cancellation.
  9054 | Lair:1   | 9054 ||| DRINKING potion of cancellation.
  9134 | Lair:1   | 9134 ||| INVOKING Fiery Armour.
  9361 | Lair:1   | 9361 ||| UPGRADING to ring of resist corrosion.
  9362 | Lair:1   | 9362 ||| READING 2 scrolls labelled WIOKLE TULUJOU.
  9363 | Lair:1   | 9363 ||| READING 2 scrolls of identify.
  9363 | Lair:1   | 9363 ||| IDENTIFYING black potion
  9364 | Lair:1   | 9364 ||| DROPPING potion of invisibility.
  9396 | Lair:2   | Reached skill level 6 in Throwing
  9437 | Lair:2   | 9437 ||| INVOKING Fiery Armour.
  9444 | Lair:2   | 9444 ||| Stepping ~*~*~tactically~*~*~ (outnumbered).
  9446 | Lair:2   | 9446 ||| Stepping ~*~*~tactically~*~*~ (outnumbered).
  9449 | Lair:2   | Reached skill level 15 in Unarmed Combat
  9456 | Lair:2   | 9456 ||| Stepping ~*~*~tactically~*~*~ (outnumbered).
  9457 | Lair:2   | 9457 ||| Stepping ~*~*~tactically~*~*~ (outnumbered).
  9460 | Lair:2   | 9460 ||| Stepping ~*~*~tactically~*~*~ (outnumbered).
  9633 | Lair:2   | Found a staircase to the Swamp.
  9753 | Lair:2   | Noticed Gastronok
  9754 | Lair:2   | 9754 ||| Stepping ~*~*~tactically~*~*~ (hiding).
  9755 | Lair:2   | 9755 ||| Stepping ~*~*~tactically~*~*~ (stealth).
  9757 | Lair:2   | 9757 ||| Stepping ~*~*~tactically~*~*~ (stealth).
  9758 | Lair:2   | 9758 ||| Stepping ~*~*~tactically~*~*~ (hiding).
  9759 | Lair:2   | 9759 ||| Stepping ~*~*~tactically~*~*~ (stealth).
  9771 | Lair:2   | Killed Gastronok
  9772 | Lair:2   | Reached skill level 16 in Unarmed Combat
  9993 | Lair:2   | Found a staircase to the Snake Pit.
 10141 | Lair:2   | 10141 ||| UPGRADING to +1 hat.
 10176 | Lair:3   | Noticed a five-headed hydra
 10177 | Lair:3   | 10177 ||| INVOKING Fiery Armour.
 10179 | Lair:3   | 10179 ||| STAIRDANCE
 10181 | Lair:2   | 10181 ||| PLANNING TEMPLE
 10327 | Temple   | Entered the Ecumenical Temple
 10328 | Temple   | 10328 ||| PLANNING CONVERSION TO OKAWARU
 10332 | Temple   | Fell from the grace of Ignis
 10332 | Temple   | Became a worshipper of Warmaster Okawaru
 10333 | Temple   | 10333 ||| PLANNING LAIR
 10333 | Temple   | 10333 ||| REMOVING amulet of guardian spirit.
 10338 | Temple   | 10338 ||| DROPPING amulet of guardian spirit.
 10516 | Lair:3   | 10516 ||| Stepping ~*~*~tactically~*~*~ (stealth).
 10523 | Lair:3   | Reached XP level 12. HP: 118/118 MP: 12/12
 10532 | Lair:3   | 10532 ||| Stepping ~*~*~tactically~*~*~ (outnumbered).
 10536 | Lair:3   | 10536 ||| Stepping ~*~*~tactically~*~*~ (stealth).
 10537 | Lair:3   | 10537 ||| Stepping ~*~*~tactically~*~*~ (outnumbered).
 10538 | Lair:3   | 10538 ||| Stepping ~*~*~tactically~*~*~ (outnumbered).
 10540 | Lair:3   | 10540 ||| Stepping ~*~*~tactically~*~*~ (outnumbered).
 10541 | Lair:3   | 10541 ||| Stepping ~*~*~tactically~*~*~ (outnumbered).
 10543 | Lair:3   | 10543 ||| Stepping ~*~*~tactically~*~*~ (outnumbered).
 10544 | Lair:3   | 10544 ||| Stepping ~*~*~tactically~*~*~ (outnumbered).
 10546 | Lair:3   | 10546 ||| Stepping ~*~*~tactically~*~*~ (outnumbered).
 10547 | Lair:3   | 10547 ||| Stepping ~*~*~tactically~*~*~ (outnumbered).
 10549 | Lair:3   | 10549 ||| Stepping ~*~*~tactically~*~*~ (outnumbered).
 10552 | Lair:3   | 10552 ||| Stepping ~*~*~tactically~*~*~ (outnumbered).
 10559 | Lair:3   | Reached * piety under Okawaru
 10564 | Lair:3   | Reached skill level 1 in Invocations
 10593 | Lair:3   | You fall into a shaft and drop 2 floors!
 10593 | Lair:5   | Entered Level 5 of the Lair of Beasts
 10596 | Lair:5   | 10596 ||| Stepping ~*~*~tactically~*~*~ (hiding).
 10626 | Lair:5   | 10626 ||| INVOKING Heroism.
 10706 | Lair:5   | 10706 ||| INVOKING Heroism.
 10723 | Lair:5   | 10723 ||| INVOKING Heroism.
 10756 | Lair:5   | Reached skill level 3 in Invocations
 10769 | Lair:5   | 10769 ||| INVOKING Heroism.
 10771 | Lair:5   | Reached ** piety under Okawaru
 10790 | Lair:5   | 10790 ||| INVOKING Heroism.
 10801 | Lair:5   | 10801 ||| Stepping ~*~*~tactically~*~*~ (stealth).
 10806 | Lair:5   | 10806 ||| Stepping ~*~*~tactically~*~*~ (stealth).
 10807 | Lair:5   | 10807 ||| Stepping ~*~*~tactically~*~*~ (stealth).
 10810 | Lair:5   | 10810 ||| INVOKING Heroism.
 10823 | Lair:5   | HP: 28/113 [hell rat (9)]
 10824 | Lair:5   | 10824 ||| READING 4 scrolls of teleportation.
 10825 | Lair:5   | 10825 ||| DRINKING 2 potions of heal wounds.
 10826 | Lair:5   | HP: 13/105 [hell rat (2)]
 10827 | Lair:5   | 10827 ||| DRINKING potion of heal wounds.
 10831 | Lair:5   | HP: 21/98 [poisoned by a water moccasin]
 10858 | Lair:5   | 10858 ||| Stepping ~*~*~tactically~*~*~ (outnumbered).
 10859 | Lair:5   | 10859 ||| FLEEEEING.
 10860 | Lair:5   | 10860 ||| FLEEEEING.
 10861 | Lair:5   | 10861 ||| FLEEEEING.
 10862 | Lair:5   | 10862 ||| STAIRDANCE
 10864 | Lair:4   | Noticed HunfridMar's ghost (journeyman DECj)
 10877 | Lair:4   | Found a runed translucent gate.
 10877 | Lair:4   | Found a runed translucent gate.
 10877 | Lair:4   | Found a runed translucent gate.
 10945 | Lair:4   | 10945 ||| INVOKING Heroism.
 10950 | Lair:4   | 10950 ||| Stepping ~*~*~tactically~*~*~ (outnumbered).
 10956 | Lair:4   | 10956 ||| Stepping ~*~*~tactically~*~*~ (outnumbered).
 10958 | Lair:4   | 10958 ||| Stepping ~*~*~tactically~*~*~ (outnumbered).
 10963 | Lair:4   | Reached skill level 17 in Unarmed Combat
 11026 | Lair:4   | 11026 ||| Stepping ~*~*~tactically~*~*~ (outnumbered).
 11028 | Lair:4   | 11028 ||| Stepping ~*~*~tactically~*~*~ (outnumbered).
 11029 | Lair:4   | 11029 ||| Stepping ~*~*~tactically~*~*~ (outnumbered).
 11030 | Lair:4   | 11030 ||| Stepping ~*~*~tactically~*~*~ (outnumbered).
 11035 | Lair:4   | 11035 ||| INVOKING Heroism.
 11036 | Lair:4   | 11036 ||| Stepping ~*~*~tactically~*~*~ (outnumbered).
 11039 | Lair:4   | HP: 22/112 [fire elemental[the fiery vengeance of Ignis]
                  | (14)]
 11040 | Lair:4   | 11040 ||| READING 3 scrolls of teleportation.
 11101 | Lair:4   | You fall into a shaft and drop 1 floor!
 11121 | Lair:5   | 11121 ||| Stepping ~*~*~tactically~*~*~ (stealth).
 11122 | Lair:5   | 11122 ||| Stepping ~*~*~tactically~*~*~ (stealth).
 11124 | Lair:5   | 11124 ||| Stepping ~*~*~tactically~*~*~ (stealth).
 11125 | Lair:5   | 11125 ||| Stepping ~*~*~tactically~*~*~ (stealth).
 11152 | Lair:5   | 11152 ||| Stepping ~*~*~tactically~*~*~ (outnumbered).
 11156 | Lair:5   | 11156 ||| Stepping ~*~*~tactically~*~*~ (outnumbered).
 11157 | Lair:5   | 11157 ||| Stepping ~*~*~tactically~*~*~ (outnumbered).
 11158 | Lair:5   | 11158 ||| Stepping ~*~*~tactically~*~*~ (outnumbered).
 11160 | Lair:5   | 11160 ||| Stepping ~*~*~tactically~*~*~ (outnumbered).
 11161 | Lair:5   | 11161 ||| Stepping ~*~*~tactically~*~*~ (outnumbered).
 11163 | Lair:5   | 11163 ||| Stepping ~*~*~tactically~*~*~ (outnumbered).
 11164 | Lair:5   | 11164 ||| Stepping ~*~*~tactically~*~*~ (outnumbered).
 11165 | Lair:5   | 11165 ||| Stepping ~*~*~tactically~*~*~ (outnumbered).
 11253 | Lair:5   | 11253 ||| INVOKING Heroism.
 11268 | Lair:5   | 11268 ||| Stepping ~*~*~tactically~*~*~ (outnumbered).
 11269 | Lair:5   | 11269 ||| Stepping ~*~*~tactically~*~*~ (outnumbered).
 11270 | Lair:5   | 11270 ||| Stepping ~*~*~tactically~*~*~ (outnumbered).
 11272 | Lair:5   | Reached *** piety under Okawaru
 11273 | Lair:5   | 11273 ||| Stepping ~*~*~tactically~*~*~ (outnumbered).
 11327 | Lair:5   | Was forgiven by Ignis
 11330 | Lair:5   | 11330 ||| Stepping ~*~*~tactically~*~*~ (stealth).
 11394 | Lair:5   | 11394 ||| INVOKING Heroism.
 11404 | Lair:5   | Reached skill level 18 in Unarmed Combat
 11485 | Lair:4   | 11485 ||| Stepping ~*~*~tactically~*~*~ (stealth).
 11501 | Lair:4   | Reached **** piety under Okawaru
 11527 | Lair:4   | 11527 ||| INVOKING Heroism.
 11540 | Lair:4   | Noticed a death yak
 11555 | Lair:4   | Killed a death yak
 11556 | Lair:4   | Reached XP level 13. HP: 108/127 MP: 15/15
 11571 | Lair:3   | 11571 ||| Stepping ~*~*~tactically~*~*~ (stealth).
 11573 | Lair:3   | 11573 ||| Stepping ~*~*~tactically~*~*~ (stealth).
 11953 | Lair:3   | 11953 ||| INVOKING Heroism.
 12399 | Lair:3   | 12399 ||| UPGRADING to +6 ring of strength.
 12445 | Lair:4   | 12445 ||| INVOKING Heroism.
 12446 | Lair:4   | 12446 ||| Stepping ~*~*~tactically~*~*~ (stealth).
 12458 | Lair:4   | 12458 ||| Stepping ~*~*~tactically~*~*~ (outnumbered).
 12573 | Lair:4   | 12573 ||| Stepping ~*~*~tactically~*~*~ (stealth).
 12594 | Lair:4   | Found a staircase to the Slime Pits.
 12640 | Lair:4   | Reached ***** piety under Okawaru
 12649 | Lair:4   | 12649 ||| Stepping ~*~*~tactically~*~*~ (stealth).
 12659 | Lair:4   | 12659 ||| INVOKING Heroism.
 12660 | Lair:4   | 12660 ||| INVOKING Finesse.
 12668 | Lair:4   | 12668 ||| READING 3 scrolls of teleportation.
 12668 | Lair:4   | HP: 31/127 [oklob plant/splash of acid (14)]
 12672 | Lair:4   | Reached skill level 6 in Invocations
 12700 | Lair:4   | 12700 ||| DRINKING 2 potions of cancellation.
 12704 | Lair:4   | 12704 ||| INVOKING Heroism.
 13108 | Lair:4   | 13108 ||| READING 3 scrolls of identify.
 13108 | Lair:4   | 13108 ||| IDENTIFYING bubbling yellow potion
 13138 | Lair:5   | 13138 ||| Stepping ~*~*~tactically~*~*~ (stealth).
 13142 | Lair:5   | 13142 ||| Stepping ~*~*~tactically~*~*~ (stealth).
 13144 | Lair:5   | 13144 ||| INVOKING Heroism.
 13242 | Lair:5   | 13242 ||| Stepping ~*~*~tactically~*~*~ (stealth).
 13259 | Lair:5   | 13259 ||| INVOKING Heroism.
 13260 | Lair:5   | 13260 ||| INVOKING Finesse.
 13264 | Lair:5   | 13264 ||| Stepping ~*~*~tactically~*~*~ (outnumbered).
 13265 | Lair:5   | 13265 ||| Stepping ~*~*~tactically~*~*~ (outnumbered).
 13266 | Lair:5   | 13266 ||| Stepping ~*~*~tactically~*~*~ (stealth).
 13333 | Lair:5   | 13333 ||| Stepping ~*~*~tactically~*~*~ (stealth).
 13335 | Lair:5   | 13335 ||| INVOKING Heroism.
 13349 | Lair:5   | 13349 ||| Stepping ~*~*~tactically~*~*~ (stealth).
 13387 | Lair:5   | 13387 ||| Stepping ~*~*~tactically~*~*~ (stealth).
 13393 | Lair:5   | 13393 ||| Stepping ~*~*~tactically~*~*~ (stealth).
 13394 | Lair:5   | 13394 ||| Stepping ~*~*~tactically~*~*~ (stealth).
 13399 | Lair:5   | 13399 ||| INVOKING Heroism.
 13401 | Lair:5   | 13401 ||| Stepping ~*~*~tactically~*~*~ (outnumbered).
 13402 | Lair:5   | 13402 ||| Stepping ~*~*~tactically~*~*~ (outnumbered).
 13403 | Lair:5   | 13403 ||| Stepping ~*~*~tactically~*~*~ (outnumbered).
 13406 | Lair:5   | 13406 ||| Stepping ~*~*~tactically~*~*~ (outnumbered).
 13407 | Lair:5   | 13407 ||| Stepping ~*~*~tactically~*~*~ (outnumbered).
 13410 | Lair:5   | 13410 ||| Stepping ~*~*~tactically~*~*~ (outnumbered).
 13411 | Lair:5   | 13411 ||| Stepping ~*~*~tactically~*~*~ (outnumbered).
 13418 | Lair:5   | Received a gift from Okawaru
 13429 | Lair:5   | 13429 ||| Stepping ~*~*~tactically~*~*~ (stealth).
 13443 | Lair:5   | 13443 ||| Stepping ~*~*~tactically~*~*~ (stealth).
 13454 | Lair:5   | 13454 ||| Stepping ~*~*~tactically~*~*~ (stealth).
 13455 | Lair:5   | 13455 ||| INVOKING Heroism.
 13458 | Lair:5   | 13458 ||| Stepping ~*~*~tactically~*~*~ (hiding).
 13472 | Lair:5   | 13472 ||| INVOKING Finesse.
 13478 | Lair:5   | Received a gift from Okawaru
 13481 | Lair:5   | 13481 ||| Stepping ~*~*~tactically~*~*~ (stealth).
 13514 | Lair:5   | 13514 ||| Stepping ~*~*~tactically~*~*~ (stealth).
 13516 | Lair:5   | 13516 ||| Stepping ~*~*~tactically~*~*~ (stealth).
 13527 | Lair:5   | 13527 ||| Stepping ~*~*~tactically~*~*~ (stealth).
 13529 | Lair:5   | 13529 ||| INVOKING Heroism.
 13569 | Lair:5   | 13569 ||| INVOKING Finesse.
 13573 | Lair:5   | 13573 ||| Stepping ~*~*~tactically~*~*~ (outnumbered).
 13574 | Lair:5   | 13574 ||| Stepping ~*~*~tactically~*~*~ (outnumbered).
 13575 | Lair:5   | 13575 ||| Stepping ~*~*~tactically~*~*~ (outnumbered).
 13577 | Lair:5   | 13577 ||| Stepping ~*~*~tactically~*~*~ (outnumbered).
 13588 | Lair:5   | 13588 ||| INVOKING Heroism.
 13595 | Lair:5   | 13595 ||| Stepping ~*~*~tactically~*~*~ (outnumbered).
 13674 | Lair:5   | 13674 ||| INVOKING Heroism.
 13773 | Lair:5   | 13773 ||| Stepping ~*~*~tactically~*~*~ (stealth).
 13774 | Lair:5   | 13774 ||| Stepping ~*~*~tactically~*~*~ (stealth).
 13885 | Lair:5   | 13885 ||| Stepping ~*~*~tactically~*~*~ (stealth).
 14002 | Lair:5   | 14002 ||| INVOKING Heroism.
 14096 | Lair:5   | 14096 ||| PLANNING D:1-11
 14305 | D:11     | 14305 ||| INVOKING Heroism.
 14306 | D:11     | 14306 ||| Stepping ~*~*~tactically~*~*~ (outnumbered).
 14307 | D:11     | 14307 ||| Stepping ~*~*~tactically~*~*~ (outnumbered).
 14310 | D:11     | 14310 ||| DRINKING 13 potions of curing.
 14310 | D:11     | 14310 ||| (to cure confusion)
 14349 | D:11     | 14349 ||| INVOKING Heroism.
 14350 | D:11     | 14350 ||| INVOKING Finesse.
 14482 | D:11     | 14482 ||| Stepping ~*~*~tactically~*~*~ (stealth).
 14483 | D:11     | 14483 ||| Stepping ~*~*~tactically~*~*~ (stealth).
 14485 | D:11     | 14485 ||| Stepping ~*~*~tactically~*~*~ (hiding).
 14492 | D:11     | Received a gift from Okawaru
 14670 | D:11     | 14670 ||| Stepping ~*~*~tactically~*~*~ (hiding).
 14672 | D:11     | 14672 ||| Stepping ~*~*~tactically~*~*~ (hiding).
 14673 | D:11     | 14673 ||| INVOKING Heroism.
 14675 | D:11     | 14675 ||| Stepping ~*~*~tactically~*~*~ (outnumbered).
 14793 | D:11     | 14793 ||| Stepping ~*~*~tactically~*~*~ (hiding).
 14798 | D:11     | 14798 ||| INVOKING Heroism.
 15053 | D:11     | 15053 ||| PLANNING D
 15053 | D:11     | 15053 ||| DROPPING scarf of harm.
 15106 | D:12     | 15106 ||| Stepping ~*~*~tactically~*~*~ (hiding).
 15115 | D:12     | 15115 ||| Stepping ~*~*~tactically~*~*~ (stealth).
 15117 | D:12     | 15117 ||| Stepping ~*~*~tactically~*~*~ (hiding).
 15121 | D:12     | 15121 ||| INVOKING Heroism.
 15123 | D:12     | 15123 ||| Stepping ~*~*~tactically~*~*~ (outnumbered).
 15200 | D:12     | 15200 ||| INVOKING Heroism.
 15207 | D:12     | Reached XP level 14. HP: 80/136 MP: 17/19
 15240 | D:12     | 15240 ||| INVOKING Heroism.
 15246 | D:12     | Received a gift from Okawaru
 15525 | D:12     | Found a sacrificial altar of Ru.
 15526 | D:12     | 15526 ||| INVOKING Heroism.
 15599 | D:12     | 15599 ||| Stepping ~*~*~tactically~*~*~ (hiding).
 15601 | D:12     | 15601 ||| Stepping ~*~*~tactically~*~*~ (hiding).
 15844 | D:12     | 15844 ||| READING 2 scrolls of identify.
 15844 | D:12     | 15844 ||| IDENTIFYING golden potion
 15845 | D:12     | 15845 ||| DROPPING potion of ambrosia.
 15857 | D:13     | 15857 ||| INVOKING Heroism.
 15862 | D:13     | Reached skill level 9 in Invocations
 15864 | D:13     | Received a gift from Okawaru
 15929 | D:13     | 15929 ||| INVOKING Heroism.
 16091 | D:13     | Noticed Nessos
 16092 | D:13     | Received a gift from Okawaru
 16093 | D:13     | 16093 ||| INVOKING Heroism.
 16095 | D:13     | 16095 ||| Stepping ~*~*~tactically~*~*~ (outnumbered).
 16096 | D:13     | 16096 ||| Stepping ~*~*~tactically~*~*~ (outnumbered).
 16099 | D:13     | HP: 25/136 [yaktaur/bolt (10)]
 16100 | D:13     | 16100 ||| READING 4 scrolls of teleportation.
 16100 | D:13     | HP: 12/136 [Nessos (2)]
 16101 | D:13     | 16101 ||| Stepping ~*~*~tactically~*~*~ (outnumbered).
 16102 | D:13     | 16102 ||| Stepping ~*~*~tactically~*~*~ (outnumbered).
 16102 | D:13     | Demolished by a two-headed ogre

Levels and vault maps discovered:
D:1:      lightli_iron_boxes, layout_loops_corners,
          shapermc_ecumenical_altar_rom_forum, nicolae_grassy_gnolls
D:2:      layout_rooms, kennysheep_generic_room_9, uniq_terence
D:3:      layout_loops_ring, serial_co_window_serial, co_window_paths_b,
          co_window_paths_a, co_window_paths_b, co_window_paths_b,
          co_window_paths_b, co_window_cross_4, co_window_paths_c,
          co_window_of_opportunity_b, co_window_paths_c, co_window_paths_d,
          glass_columns_b, glass_columns_a, glass_columns_b, glass_columns_c
D:4:      nicolae_cairo_tiling_large, layout_rooms, uniq_robin, uniq_menkaure,
          uniq_natasha
D:5:      layout_rooms, nicolae_overflow_hidden_temple, minmay_pentangle
D:6:      layout_gridville, serial_shops, nicolae_shop_hallway_plus,
          nicolae_shop_dragon_depot, amcnicky_mini_pool_medium
D:7:      layout_loops_corners, mainiacjoe_overflow_catwalk_spiral,
          minmay_temple_entry_purple_smoke, serial_shops,
          nicolae_shop_advertising_works [nicolae_subvault_shop_adworks]
D:8:      layout_basic, minivault_25, hellmonk_guarded_unrand_zhor
D:9:      layout_long_grid, kennysheep_mini_moat, orc_0_dummy,
          hangedman_corner_corridor
D:10:     layout_rooms, nicolae_qazlal_general_emergency,
          nicolae_overflow_two_pavilions, grunt_lair_entry_orc_guard_hut,
          enter_bailey_7, minmay_diamond_spiral
D:11:     layout_loops_ring
D:12:     layout_irregular_city, nicolae_ru_awakened_eye
D:13:     layout_small_grid, hangedman_vaults_entry_quadrant_bands,
          gammafunk_ghost_icy, hive_lemuel, uniq_nessos
Temple:   minmay_freezing_vapour_temple
Lair:1:   layout_roguey, disabler_island
Lair:2:   layout_regular_city, swamp_mist_pool, guppyfry_snake_entry_island,
          serial_forest, infiniplex_forest_end_1, infiniplex_forest_zigzag_1,
          infiniplex_forest_zigzag_2, infiniplex_forest_clump_long,
          infiniplex_forest_lined_2, infiniplex_forest_straight_5,
          infiniplex_forest_3_way, uniq_gastronok
Lair:3:   layout_hall_layers
Lair:4:   minmay_lair_oklob_chamber, layout_concentric_octagons,
          minmay_slime_entry_pillars, gammafunk_ghost_split,
          beast_lair_carwin_4, infiniplex_staircase_pool
Lair:5:   minmay_lair_end_enchanted_forest, layout_regular_city,
          grunt_megastairs_5

Skill      XL: |  1  2  3  4  5  6  7  8  9 10 11 12 13 14 |
---------------+-------------------------------------------+-----
Unarmed Combat | 4 5 7 9 10 13 14 16 18 | 18.9
Throwing       | 1 2 3 6 7 8 |  8.0
Fighting       | 3 4 5 6 7 8 |  8.0
Dodging        | 1 2 |  2.5
Armour         | 1 |  1.6
Invocations    | 4 8 9 |  9.3
Spellcasting   | |  1.0
Fire Magic     | |  2.1

Action                   |  1- 3 |  4- 6 |  7- 9 | 10-12 | 13-15 || total
-------------------------+-------+-------+-------+-------+-------++-------
Melee: Unarmed           |   110 |    63 |   251 |   420 |   312 ||  1156
       Punch             |     1 |     2 |     7 |    31 |    27 ||    68
       Headbutt          |       |     8 |    34 |    72 |    43 ||   157
Throw: Javelin           |     2 |    36 |    22 |    27 |    26 ||   113
       Boomerang         |       |       |    24 |    68 |     6 ||    98
       Large rock        |       |       |       |    16 |    56 ||    72
Invok: Fiery Armour      |     1 |     2 |     2 |     8 |       ||    13
       Heroism           |       |       |       |    11 |    24 ||    35
       Finesse           |       |       |       |       |     5 ||     5
  Use: Scroll            |     5 |     2 |     9 |     8 |     4 ||    28
       Potion            |     2 |       |     6 |     4 |     2 ||    14
Armor: Robe              |    50 |    25 |    83 |     1 |       ||   159
       Animal skin       |       |       |       |   147 |    92 ||   239
Dodge: Dodged            |    51 |    22 |    90 |   126 |    99 ||   388

Table legend:
 A = Non-vault XP
 B = Vault XP
 C = Vault XP percentage of total XP
 D = Non-vault monster count
 E = Vault monster count
 F = Vault count percentage of total count
                 A         B        C        D         E       F
            +---------+---------+-------+---------+---------+-------
      Total |   49487 |   22840 |  31.6 |     335 |     126 |  27.3
            +---------+---------+-------+---------+---------+-------
        D:1 |      47 |      14 |  23.0 |      28 |       1 |   3.4
        D:2 |      71 |      45 |  38.8 |      27 |       3 |  10.0
        D:3 |      49 |       0 |   0.0 |      14 |       0 |   0.0
        D:4 |     251 |     240 |  48.9 |      16 |      14 |  46.7
        D:5 |     533 |     401 |  42.9 |       9 |      12 |  57.1
        D:6 |     983 |     554 |  36.0 |      15 |       6 |  28.6
        D:7 |    1439 |       0 |   0.0 |      30 |       0 |   0.0
        D:8 |     778 |     764 |  49.5 |      14 |       2 |  12.5
        D:9 |     928 |       0 |   0.0 |      10 |       0 |   0.0
       D:10 |    1440 |    3001 |  67.6 |      10 |      13 |  56.5
       D:11 |    5516 |       0 |   0.0 |      18 |       0 |   0.0
       D:12 |    4041 |       0 |   0.0 |      14 |       0 |   0.0
       D:13 |    3446 |     768 |  18.2 |      12 |       2 |  14.3
     Lair:1 |    3031 |     348 |  10.3 |      14 |       4 |  22.2
     Lair:2 |    4671 |    1696 |  26.6 |      22 |       2 |   8.3
     Lair:3 |    5255 |       0 |   0.0 |      21 |       0 |   0.0
     Lair:4 |    8579 |    5159 |  37.6 |      30 |      17 |  36.2
     Lair:5 |    8429 |    9850 |  53.9 |      31 |      50 |  61.7
            +---------+---------+-------+---------+---------+-------
